cohdb
Replays
Latest Replays
All Replays
Popular Replays
Top Player Replays
Match Explorer
How It Works
Community
CoH3 Stats
Reddit
Sign in to upload your games and track your stats! →
Sign in with Steam
Match 46286806
Unlisted
Match 46286806
Overview
Messages
Build Orders
End
Construct Weapon Support Center
Scout Squad
M1919 Machine Gun Team
Engineer Squad
M1919 Machine Gun Team
M1919 Machine Gun Team
Selects Heavy Weapons
Selects M2HB .50cal Heavy Machine Gun
Infantry Support Center
M3 Armored Personnel Carrier
Bazooka Squad
Selects Assault Carriers
M3 Assault Carrier
M3 Assault Carrier
Captain Retinue
Selects Exchangeable Parts
Engineer Squad
M1919 Machine Gun Team
Engineer Squad
Captain Retinue
M1919 Machine Gun Team
M1919 Machine Gun Team
Captain Retinue
Engineer Squad
M1919 Machine Gun Team
Bazooka Squad
Improved M9 Bazooka Rockets
Selects M26 Pershing Heavy Tank
M26 Pershing Heavy Tank
Construct Tank Depot
Selects Gallant Stand
M4A1 Sherman Medium Tank
T.R. Olvadi
Nico-Nico-Nii~~
Doctor Guver
MaXiS
0
0
Comments
sign in to comment!
No comments posted yet!